 Dungeon Crawl Stone Soup version 0.21-a0-552-g593960d (webtiles) character file.

44 Lasiace the Charmwright (level 3, -2/32 HPs)
             Began as a Naga Skald on Dec 17, 2017.
             Slain by Sigmund
             ... wielding a +0 scythe
              (9 damage)
             ... on level 2 of the Dungeon.
             The game lasted 00:05:45 (1394 turns).

Lasiace the Charmwright (Naga Skald)                Turns: 1394, Time: 00:05:46

Health: -2/32      AC:  6    Str: 13    XL:     3   Next: 60%
Magic:  0/6        EV:  8    Int: 13    God:
Gold:   42         SH:  0    Dex: 11    Spells: 3/6 levels left

rFire    . . .     SeeInvis +   a - +0 spear
rCold    . . .     Gourm    .   (no shield)
rNeg     . . .     Faith    .   D - +0 ring mail
rPois    +         Spirit   .   (no helmet)
rElec    .         Reflect  .   (no cloak)
rCorr    .         Harm     .   (no gloves)
MR       .....     Rnd*Tele +   (no barding)
Stlth    +.........             (no amulet)
HPRegen  0.10/turn              I - ring of teleportation (curse)
MPRegen  0.10/turn              U - +3 ring of protection

@: infused, very slightly contaminated, very slow
A: large, see invisible, deformed body, poison resistance, slowness 2, slow
metabolism 1, spit poison 1, AC +1
a: Spit Poison


You were on level 2 of the Dungeon.
You were not hungry.

You visited 1 branch of the dungeon, and saw 2 of its levels.

You collected 42 gold pieces.

Inventory:

Hand Weapons
 a - a +0 spear (weapon)
Armour
 D - a +0 ring mail (worn)
Jewellery
 I - a cursed ring of teleportation (left hand)
 U - a +3 ring of protection (right hand)
Potions
 c - a potion of curing {@q2}
Books
 B - a book of Battle

   Spells                             Type                      Level
   a - Infusion                       Charms                       1
   b - Shroud of Golubria             Charms/Translocation         2
   c - Song of Slaying                Charms                       2
   d - Spectral Weapon                Hexes/Charms                 3
   e - Regeneration                   Charms/Necromancy            3
Comestibles
 b - 2 bread rations
 f - 3 meat rations
 g - 3 royal jellies
 h - a chunk of flesh


   Skills:
 - Level 2.0 Fighting
 - Level 2.0 Polearms
 - Level 0.7 Armour
 - Level 1.5 Dodging
 - Level 2.0 Spellcasting
 + Level 4.5 Charms


You had 3 spell levels left.
You knew the following spells:

 Your Spells              Type           Power        Failure   Level  Hunger
a - Infusion              Chrm           ##..         9%          1    ##.....
g - Shroud of Golubria    Chrm/Tloc      #.........   32%         2    ###....


Dungeon Overview and Level Annotations

Branches:
Dungeon (2/15)

Altars:

Annotations:
D:2 Sigmund


Innate Abilities, Weirdness & Mutations

You cannot wear boots.
Your serpentine skin is tough. (AC +1)
You have supernaturally acute eyesight. (SInv)
Armour fits poorly on your strangely shaped body.
Your system is resistant to poisons. (rPois)
You cover ground very slowly.
You have a slow metabolism.
You can spit poison.


Message History

Attack whom?
Press: ? - help, Dir - move target cursor, f/p - Sigmund
Aim: Sigmund, wielding a scythe and wearing an embroidered robe (moderately wounded, slightly transparent)
You reach to attack!
You hit Sigmund.
Sigmund is heavily wounded.
Attack whom?
Press: ? - help, Dir - move target cursor, f/p - Sigmund
Aim: Sigmund, wielding a scythe and wearing an embroidered robe (heavily wounded, slightly transparent)
You reach to attack!
You barely miss Sigmund.
Sigmund is heavily wounded.
Sigmund casts a spell at you. The puff of flame hits you!
* * * LOW HITPOINT WARNING * * *
Attack whom?
Press: ? - help, Dir - move target cursor, f/p - Sigmund
Aim: Sigmund, wielding a scythe and wearing an embroidered robe (heavily wounded, slightly transparent)
You reach to attack!
You closely miss Sigmund.
Sigmund is heavily wounded.
Sigmund hits you from afar with a scythe!
You die...

#..........
#........ .
.@
########'###
#..@.@.....#
#..........+
#..........#
#..........#
#..........#
#..$.......#
#..........#
#..........#
#..........#


You could see Sigmund (invisible).

Vanquished Creatures
  An adder (D:2)
  An ooze (D:1)
  A dart slug (D:1)
  5 bats
  2 giant cockroaches (D:1)
  5 goblins
  4 hobgoblins
  4 jackals (D:2)
  2 frilled lizards (D:1)
  A rat (D:1)
26 creatures vanquished.

Notes
Turn   | Place    | Note
-------+----------+-------------------------------------------
     0 | D:1      | Lasiace the Naga Skald began the quest for the Orb.
     0 | D:1      | Reached XP level 1. HP: 19/19 MP: 3/3
   362 | D:1      | Reached XP level 2. HP: 20/26 MP: 0/5
   678 | D:1      | Reached skill level 4 in Charms
   682 | D:1      | Learned a level 2 spell: Shroud of Golubria
  1029 | D:2      | Reached XP level 3. HP: 32/32 MP: 3/6
  1373 | D:2      | Noticed Sigmund
  1394 | D:2      | Slain by Sigmund

Vault maps used:
D:1:      dpeg_arrival_court
D:2:      overflow_temple_1_default, uniq_sigmund

Skill      XL: |  1  2 |
---------------+-------+-----
Charms         | 4 |  4.5
Fighting       | |  2.0
Polearms       | |  2.0
Armour         | |  0.7
Dodging        | |  1.5
Spellcasting   | |  2.0

Action                   || total
-------------------------++-------
Melee: Spear             ||   115
 Cast: Infusion          ||    14
  Use: Scroll            ||     1
  Eat: Chunk             ||     1
Armor: Leather armour    ||    13
       Ring mail         ||    19
Dodge: Dodged            ||    48

Table legend:
 A = Spawn XP
 B = Non-spawn XP
 C = Spawn XP percentage of total XP
 D = Spawn monster count
 E = Non-spawn monster count
 F = Spawn count percentage of total count
 G = Total turns spent on level
                    A         B        C        D         E        F      G
               +---------+---------+-------+---------+---------+-------+---------
         Total |       0 |      63 |   0.0 |       0 |      26 |   0.0 |  1394
               +---------+---------+-------+---------+---------+-------+---------
           D:1 |       0 |      33 |   0.0 |       0 |      15 |   0.0 |  1023
           D:2 |       0 |      30 |   0.0 |       0 |      11 |   0.0 |   371
               +---------+---------+-------+---------+---------+-------+---------
